 Dungeon Crawl Stone Soup version 0.30-a0-760-g5a9884bb7c (webtiles) character file.

Game seed: 10433005725784342770

342 Dittersdorf the Shield-Bearer (level 6, 0/39 HPs)
             Began as a Gargoyle Fighter on Feb 10, 2023.
             Was an Initiate of Okawaru.
             Slain by a quasit (1 damage)
             ... summoned by Eustachio
             ... on level 4 of the Dungeon.
             The game lasted 00:03:53 (3363 turns).

Dittersdorf the Shield-Bearer (Gargoyle Fighter)    Turns: 3363, Time: 00:03:53

Health: 0/39       AC: 17    Str: 21      XL:     6   Next: 57%
Magic:  15/15      EV:  7    Int:  9      God:    Okawaru [......]
Gold:   169        SH:  4    Dex:  8 (9)  Spells: 5/5 levels left

rFire   . . .      SeeInvis +    a - +0 flail
rCold   . . .      Faith    +    c - +0 buckler
rNeg    + . .      Spirit   .    n - +0 chain mail
rPois   ∞          Reflect  .    q - +2 helmet
rElec   +          Harm     .    (no cloak)
rCorr   .          Rampage  .    (no gloves)
Will    .....                    (no boots) Stlth
                                 v - amulet of faith
HPRegen 0.26/turn                s - ring of see invisible
MPRegen 0.14/turn                x - ring of magical power

@: no status effects
A: sickness immunity, AC +4, negative energy resistance 1, electricity
resistance, torment resistance 1, petrification resistance
a: Renounce Religion


You were on level 4 of the Dungeon.
You worshipped Okawaru.
Okawaru was noncommittal.
You visited 1 branch of the dungeon, and saw 4 of its levels.

You collected 169 gold pieces.

Inventory:

Hand Weapons
 a - a +0 flail (weapon)
Missiles
 i - a throwing net (quivered)
Armour
 c - a +0 buckler (worn)
 n - a +0 chain mail (worn)
 q - a +2 helmet (worn)
 u - a +0 plate armour
Jewellery
 s - a ring of see invisible (left hand)
 v - an amulet of faith (around neck)
 x - a ring of magical power (right hand)
Scrolls
 b - 2 scrolls of fog {unknown}
 e - a scroll of magic mapping {unknown}
 h - a scroll of vulnerability {unknown}
 j - 2 scrolls of enchant armour {unknown}
 m - a scroll of teleportation {unknown}
 o - a scroll of enchant weapon {unknown}
 p - a scroll of butterflies {unknown}
 t - a scroll of amnesia {unknown}
Potions
 d - a potion of might
 f - 2 potions of flight {unknown}
 g - 2 potions of heal wounds
 k - 3 potions of curing
 r - a potion of berserk rage
 z - a potion of magic
 A - a potion of brilliance


   Skills:
 + Level 4.7 Fighting
 + Level 3.7 Maces & Flails
 + Level 4.8 Armour
 + Level 4.9 Shields


You had 5 spell levels left.
You didn't know any spells.
Your spell library contained the following spells:

 Spells                   Type           Power      Damage    Failure   Level
 Freeze                   Ice            0%         1d3       99%         1
 Ensorcelled Hibernation  Hex/Ice        0%         N/A       100%        2
 Passwall                 Tmut/Erth      0%         N/A       100%        2
 Frozen Ramparts          Ice            0%         1d1       100%        3
 Hailstorm                Conj/Ice       0%         3d3       100%        3
 Swiftness                Air            0%         N/A       100%        3


Dungeon Overview and Level Annotations

Branches:
Dungeon (4/15)
 Temple: D:4-7

Altars:
Makhleb
Okawaru
Ru
The Shining One

Shops:
D:1 =   D:3 *

Annotations:
D:4 Eustachio


Innate Abilities, Weirdness & Mutations

You are immune to sickness and miasma.
Your stone body is resilient. (AC +4)
You are immune to poison.
You resist negative energy. (rN+)
You are resistant to electric shocks. (rElec)
You are resistant to unholy torment.
You are immune to petrification.


Message History

The quasit bites you.
You feel clumsy.
The quasit claws you but does no damage. x2
The quokka bites you.
The river rat bites you but does no damage.
The rat bites you but does no damage. The bat closely misses you.
Eustachio hits you but does no damage.
The quasit bites you but does no damage.
You block the quasit's attack.
The quasit claws you but does no damage.
The quokka bites you but does no damage.
The rat barely misses you. The river rat bites you.
* * * LOW HITPOINT WARNING * * *
You sock Eustachio!
Eustachio is severely wounded.
The bat barely misses you. Eustachio hits you but does no damage.
The quasit barely misses you. x2
The quasit claws you but does no damage.
The quokka bites you but does no damage.
The iron imp shouts, "Return whence thou came, thou puny nut-hook bladder!"
You block the river rat's attack. The rat bites you but does no damage.
Eustachio hits you with a +0 rapier!
* * * LOW HITPOINT WARNING * * *
The quasit barely misses you.
The quasit claws you but does no damage. x2
You closely miss Eustachio.
Eustachio is severely wounded.
The bat closely misses you.
The quokka bites you but does no damage.
You block the quasit's attack. The quasit barely misses you.
The quasit claws you but does no damage.
The river rat twitches its whiskers.
The river rat bites you but does no damage.
The rat bites you but does no damage. Eustachio hits you with a +0 rapier.
* * * LOW HITPOINT WARNING * * *
The quokka barely misses you.
You hit Eustachio.
Eustachio is severely wounded.
The bat closely misses you. The quasit barely misses you. The quasit claws you.
You die...

#.# #.# #.#######
........# #.#####.#
##+## #.# #.#
##...## #.#####.#
##.....##
#....##.###.....r.##
###...#.##...b5@@.(#
.........'.....5rr.+
###...#.##......5..#
........###.......##
#####.### ##.....##
#.# #....## #.#
#.#+## #.# #.# #.# .


You could see Eustachio, an iron imp (summoned), a quasit (summoned), a river
rat (summoned), an ufetubus (summoned), a quokka (summoned), a bat (summoned)
and a rat (summoned).

Vanquished Creatures
  A black bear (D:3)
  An ice beast (D:3)
  A crimson imp (D:4)
  An iguana (D:4)
  3 adders
  2 worms (D:2)
  A dart slug (D:2)
  2 orcs (D:3)
  4 endoplasms
  A giant cockroach (D:2)
  7 goblins
  8 hobgoblins
  4 jackals
  2 kobolds
  A quokka (D:2)
  2 ball pythons (D:3)
  3 bats
  6 frilled lizards
  A goblin skeleton (D:4)
  2 goblin zombies (D:4)
  2 kobold zombies (D:4)
  An orc skeleton (D:4)
  3 orc zombies (D:4)
  7 rats
66 creatures vanquished.

Notes
Turn   | Place    | Note
-------+----------+-------------------------------------------
     0 | D:1      | Dittersdorf the Gargoyle Fighter began the quest for the
                  | Orb.
     0 | D:1      | Reached XP level 1. HP: 14/14 MP: 1/1
   420 | D:1      | Reached XP level 2. HP: 19/19 MP: 2/2
   422 | D:1      | You fall into a shaft and drop 1 floor!
   423 | D:2      | yay!
   564 | D:2      | Found a burning altar of Makhleb.
   939 | D:1      | Found Usish's One-of-a-Kind Rings.
  1197 | D:2      | Reached XP level 3. HP: 22/23 MP: 3/3
  1514 | D:2      | Found a faded altar of an unknown god.
  2033 | D:3      | Noticed a black bear
  2052 | D:3      | Killed a black bear
  2053 | D:3      | Reached XP level 4. HP: 11/29 MP: 4/4
  2053 | D:3      | Reached XP level 5. HP: 12/33 MP: 5/5
  2168 | D:3      | Found Ridilif's General Store.
  2458 | D:3      | Noticed an ice beast
  2467 | D:3      | Killed an ice beast
  2468 | D:3      | Reached XP level 6. HP: 39/39 MP: 6/6
  2638 | D:3      | Found a sacrificial altar of Ru.
  2668 | D:3      | Found an iron altar of Okawaru.
  2790 | D:3      | Became a worshipper of Warmaster Okawaru
  3041 | D:4      | Found a glowing golden altar of the Shining One.
  3332 | D:4      | Noticed Eustachio
  3362 | D:4      | HP: 1/39 [Eustachio/+0 rapier (1)]
  3363 | D:4      | Slain by a quasit

Illustrated notes

# .#
###.#
#...#
#@#
#.#
#.#
#.#
#.#
#.#
#.#
#.#


Turn 423 on D:2: yay!

Levels and vault maps discovered:
D:1:      dpeg_arrival_boxorama, layout_loops_ring,
          chequers_serial_rivers_micro_d, kennysheep_flooded_box,
          nicolae_shop_unique_rings
D:2:      layout_basic, serial_co_window_serial, co_window_paths_b,
          co_window_paths_b, co_window_paths_a, co_window_paths_a,
          co_window_corner_a, co_window_paths_a, co_window_paths_c,
          co_window_paths_c, co_window_2corner, co_window_broadway_b,
          co_window_broadway_a, co_window_paths_d, co_window_4corner_a,
          glass_columns_a, glass_columns_b, glass_columns_a, glass_columns_c,
          glass_columns_a, shapermc_ecumenical_altar_mp_highgroup, basic_altar
D:3:      layout_loops_ring, lemuel_doored_altar, mainiacjoe_overflow_alcove_2,
          serial_shops, nicolae_shop_waterfront
D:4:      layout_loops_corners, nicolae_ashenzari_panopticon,
          nicolae_tso_besieged_by_evil, zin_academy, nicolae_shop_gadgets,
          uniq_edmund, uniq_grinder, uniq_eustachio

Skill      XL: |  1  2  3 |
---------------+----------+-----
Fighting       | 4 |  4.7
Maces & Flails | 3 |  3.7
Armour         | 4 |  4.8
Shields        | 4 |  4.9

Action                     |  1- 3 |  4- 6 || total
---------------------------+-------+-------++-------
  Melee: Flail             |   103 |   111 ||   214
  Throw: Dart              |     2 |     3 ||     5
    Use: Scroll            |       |     6 ||     6
 Armour: Scale mail        |     3 |       ||     3
         Chain mail        |    54 |   155 ||   209
  Dodge: Dodged            |    50 |    90 ||   140
  Block: Buckler           |    26 |    55 ||    81

Table legend: (Time is in decaauts)
 A = Elapsed time spent in this place.
 B = Non-inter-level travel time spent in this place.
 C = Inter-level travel time spent in this place.
 D = Time resting spent in this place.
 E = Time spent auto-exploring this place.
 F = Levels seen in this place.
 G = Mean time per level.
                   A        B        C        D        E       F      G
               +--------+--------+--------+--------+--------+-----+--------+
         Total |   3422 |   3122 |    300 |     35 |   2490 |   4 |  855.5 |
       Dungeon |   3422 |   3122 |    300 |     35 |   2490 |   4 |  855.5 |
               +--------+--------+--------+--------+--------+-----+--------+

Top non-repeatable levels by time:
     D:2: 1283 daAuts
     D:3: 1083 daAuts
     D:1: 696 daAuts
     D:4: 359 daAuts
